 Dungeon Sprint DCSS version 0.29-a0-97-g88c9fad16d (webtiles) character file.

Game seed: 16175135882528673517

277412 mhtbhm the Tycoon (level 18, -6/172 HPs)
             Began as a Gnoll Fighter on Feb 14, 2022.
             Was an Initiate of Gozag.
             Mangled by an Orb Guardian (42 damage)
             ... in the Dungeon (Sprint IX: "|||||||||||||||||||||||||||||").
             The game lasted 00:48:11 (10781 turns).

mhtbhm the Tycoon (Gnoll Fighter)                  Turns: 10781, Time: 00:48:14

Health: -6/172     AC: 31    Str: 23    XL:     18   Next: 68%
Magic:  31/44      EV: 16    Int: 11    God:    Gozag
Gold:   10591      SH: 24    Dex: 19    Spells: 54/62 levels left

rFire   + . .      SeeInvis +   s - +8 morningstar "Fintuell" {vorpal, *Rage rPois rC+}
rCold   + + .      Faith    .   c - +0 tower shield {rN+}
rNeg    + . .      Spirit   .   b - +0 gold dragon scales of the Catamount {Rampage rPois rF+ rC+ Dex+7}
rPois   +          Reflect  .   (no helmet)
rElec   +          Harm     .   d - scarf {repulsion}
rCorr   +          Rampage  +   C - +2 pair of gloves {infuse}
Will    +....      Rage     20% n - +0 pair of boots {Stlth+}
Stlth   ++........ NoTele   +   B - amulet of regeneration
HPRegen 1.18/turn               G - ring "Vumair" {rElec SInv}
MPRegen 0.29/turn               m - ring "Jorea" {rPois rCorr Int+3}

@: gold aura, on berserk cooldown, slowed, repel missiles, very slow
A: fangs 1, strong nose, distributed training
}: 5/17 runes: decaying, serpentine, barnacled, silver, gossamer
a: Renounce Religion, Potion Petition, Call Merchant, Bribe Branch


You were in the Dungeon.
You worshipped Gozag.
Gozag was extremely pleased with you.
You visited 1 branch You collected 38891 gold pieces.
You spent 10138 gold pieces at shops.
You paid 18162 gold pieces to Gozag.

Inventory:

Hand Weapons
 a - the +2 scimitar of Wrongful Imprisonment {speed, rC- Str+3}
   (You found it in the Dungeon)

   Attacks with this weapon are significantly faster.
   Str:       It affects your strength (+3).
   rC:        It makes you vulnerable to cold.
 i - a +3 trishula of holy wrath
 s - the +8 morningstar "Fintuell" (weapon) {vorpal, *Rage rPois rC+}
   (You bought it in a shop in the Dungeon)

   It inflicts extra damage upon your enemies.
   rC:        It protects you from cold.
   rPois:     It protects you from poison.
   *Rage:     It berserks you when you make melee attacks (+20% chance).
 w - a +5 great sword of holy wrath
 P - the +8 demon blade "Leech" {vamp, Harm Drain rN+}
   (You found it in the Dungeon)

   It heals its wielder for a portion of the damage dealt every time it strikes
   a living foe.
   rN:        It protects you from negative energy.
   Drain:     It drains your maximum health when unequipped.
   Harm:      It increases damage dealt and taken.
Missiles
 I - 2 atropa-tipped darts (quivered)
 J - 4 javelins
Armour
 b - the +0 gold dragon scales of the Catamount (worn) {Rampage rPois rF+ rC+ Dex+7}
   (You found it in the Dungeon)

   Dex:       It affects your dexterity (+7).
   rF:        It protects you from fire.
   rC:        It protects you from cold.
   rPois:     It protects you from poison.
   Rampage:   It bestows one free step when moving towards enemies.
 c - a +0 tower shield of positive energy (worn)
 d - a scarf of repulsion (worn)
 n - a +0 pair of boots of stealth (worn)
 C - a +2 pair of gloves of infusion (worn)
Jewellery
 m - the ring "Jorea" (right hand) {rPois rCorr Int+3}
   (You bought it in a shop in the Dungeon)

   [ring of poison resistance]

   Int:       It affects your intelligence (+3).
   rPois:     It protects you from poison.
   rCorr:     It protects you from acid and corrosion.
 B - an amulet of regeneration (around neck)
 G - the ring "Vumair" (left hand) {rElec SInv}
   (You bought it in a shop in the Dungeon)

   [ring of see invisible]

   rElec:     It insulates you from electricity.
   SInv:      It lets you see invisible.
 K - the ring of Extedwin {rElec rN+ rCorr}
   (You found it in the Dungeon)

   [ring of resist corrosion]

   rElec:     It insulates you from electricity.
   rN:        It protects you from negative energy.
   rCorr:     It protects you from acid and corrosion.
 L - a +3 ring of slaying
 N - the ring of Dim Light {*Corrode rF+++ Str+3 Slay+2 SInv}
   (You found it in the Dungeon)

   [ring of strength]

   Str:       It affects your strength (+3).
   Slay:      It affects your accuracy & damage with ranged weapons and melee
   (+2).
   rF:        It renders you almost immune to fire.
   SInv:      It lets you see invisible.
   *Corrode:  It may corrode you when you take damage.
Wands
 r - a wand of polymorph (6)
 x - a wand of iceblast (10)
Scrolls
 g - 4 scrolls of enchant weapon
 j - 9 scrolls of blinking
 k - 3 scrolls of amnesia
 l - 7 scrolls of fear
 q - 5 scrolls of enchant armour
 t - a scroll of vulnerability
 F - 2 scrolls of fog
Potions
 e - 5 potions of curing
 f - 13 potions of heal wounds
 h - 9 potions of magic
 o - 2 potions of mutation
 p - 7 potions of brilliance
 u - a potion of might
 v - a potion of ambrosia {unknown}
 z - a potion of flight
 A - a potion of attraction {unknown}
 Q - 2 potions of berserk rage
 S - 5 potions of haste
Miscellaneous
 E - a phantom mirror
 R - a tin of tremorstones (2/2)


   Skills:
 + Level 23.6 Fighting
 + Level 22.9 Short Blades
 + Level 23.2 Long Blades
 + Level 22.9 Axes
 + Level 22.9 Maces & Flails
 + Level 22.9 Polearms
 + Level 22.9 Staves
 + Level 22.9 Slings
 + Level 22.9 Bows
 + Level 22.9 Crossbows
 + Level 22.9 Throwing
 + Level 23.6 Armour
 + Level 22.9 Dodging
 + Level 22.9 Stealth
 + Level 23.6 Shields
 + Level 22.9 Unarmed Combat
 + Level 22.9 Spellcasting
 + Level 19.6 Conjurations
 + Level 19.6 Hexes
 + Level 19.6 Summonings
 + Level 19.6 Necromancy
 + Level 19.6 Translocations
 + Level 19.6 Transmutations
 + Level 19.6 Fire Magic
 + Level 19.6 Ice Magic
 + Level 19.6 Air Magic
 + Level 19.6 Earth Magic
 + Level 19.6 Poison Magic
 + Level 24.7 Invocations
 + Level 22.9 Evocations


You had 54 spell levels left.
You knew the following spells:

 Your Spells              Type           Power      Damage    Failure   Level
a - Lehudib's Crystal Sp  Conj/Erth      27%        10d7      77%         8

Your spell library contained the following spells:

 Spells                   Type           Power      Damage    Failure   Level
 Sandblast                Erth           100%       2d20      1%          1
 Passwall                 Tmut/Erth      45%        N/A       1%          2
 Stone Arrow              Conj/Erth      100%       3d13      1%          3
 Animate Armour           Summ/Erth      100%       N/A       1%          4


Dungeon Overview and Level Annotations

Branches:
Dungeon (1/1)

Altars:
Cheibriados
Dithmenos
Elyvilon
Fedhas
Gozag
Hepliaklqana
Kikubaaqudgha
Makhleb
Nemelex Xobeh
Okawaru
Qazlal
Ru
Sif Muna
Trog
Uskayaw
Vehumet
Wu Jian
Xom
Yredelemnul
Zin
The Shining One
Beogh
Jiyva
Lugonu

Shops:
D [*((=*[![*??*


Innate Abilities, Weirdness & Mutations

You have very sharp teeth.
Your uncanny sense of smell can sniff out nearby items.
Your experience applies equally to all skills.


Message History

The Orb Guardian is lightly wounded.
The silver javelin closely misses the Orb Guardian.
The silver javelin barely misses the Orb Guardian.
The silver javelin pierces through the moth of wrath!!!
You kill the moth of wrath!
The Orb Guardian is distracted by your dazzling golden aura.
You block the Orb Guardian's attack.
Unknown command.
Throw: javelin (silver)
Press: ? - help, Q - select action, (/) - cycle Shift-Dir - straight line, f - Orb Guardian
Aim: an Orb Guardian (lightly wounded, berserk, 71% to hit)
You throw a silver javelin.
The silver javelin pierces through the Orb Guardian but does no damage.
The Orb Guardian is lightly wounded.
The silver javelin pierces through the Orb Guardian!
The Orb Guardian is heavily wounded.
The silver javelin pierces through the Orb Guardian!!
The Orb Guardian is no longer distracted by gold.
The Orb Guardian is heavily wounded.
The Orb Guardian hits you!!! You block the Orb Guardian's attack.
Unknown command.
You barely miss the Orb Guardian.
The Orb Guardian is lightly wounded.
The Orb Guardian barely misses you. You block the Orb Guardian's attack.
You skewer the Orb Guardian like a kebab!!!
The Orb Guardian is heavily wounded.
The Orb Guardian is distracted by your dazzling golden aura.
You bludgeon the Orb Guardian!!
The Orb Guardian is no longer distracted by gold.
The Orb Guardian is almost dead.
You block the Orb Guardian's attack.
The Orb Guardian is distracted by your dazzling golden aura.
The Orb Guardian hits you!!!
You closely miss the Orb Guardian. Your bite misses the Orb Guardian.
The Orb Guardian is almost dead.
The Orb Guardian hits you!!
* * * LOW HITPOINT WARNING * * *
You block the Orb Guardian's attack. The Orb Guardian hits you!!!
You die...
Your body crumbles into a pile of gold.

,,,+,,,,,,,,,,,,+,,,,,,,,,,+,,,,,
*********************************
,,,,,,,,,,,,,,,,,,,,,,,,,,,,,,,,,
*********************************
,+,,,,,,,,,,,+,,,,,,,,,,,+,,,,,,∆
*********************************
,,,,,,,,,,,,,,,,,,,,,,,,,,,,,,,,,
▓▓▓▓▓▓▓▓▓▓▓▓▓▓▓▓▓▓▓▓▓▓▓▓▓********
.......'.......$@XXX.$.(.,,+,+,+,
▓▓▓▓▓▓▓▓▓▓▓▓▓▓▓▓▓▓▓▓▓▓▓▓▓▓▓▓▓▓▓▓▓
.................................
▓▓▓▓▓▓▓▓▓▓▓▓▓▓▓▓▓▓▓▓▓▓▓▓▓▓▓▓▓▓▓▓▓
.'.).......'.).)))).....))=.))..)
▓▓▓▓▓▓▓▓▓▓▓▓▓▓▓▓▓▓▓▓▓▓▓▓▓▓▓▓▓▓▓▓▓
..........)..............).......
▓▓▓▓▓▓▓▓▓▓▓▓▓▓▓▓▓▓▓▓▓▓▓▓▓▓▓▓▓▓▓▓▓
.....'............)).))))...[[[[[


You could see 3 Orb Guardians.

Vanquished Creatures
  Mennas (D)
  A juggernaut (D)
  Boris (D)
  Frederick (D)
  Saint Roka (D)
  2 golden dragons (D)
  Jory (D)
  Nikola (D)
  A lich (D)
  5 tentacled monstrosities (D)
  10 Orb Guardians (D)
  A titan (D)
  4 quicksilver dragons (D)
  6 shadow dragons (D)
  A death cob (D)
  Donald (D)
  2 tengu reavers (D)
  Ilsuiw (D)
  2 storm dragons (D)
  Aizul (D)
  3 draconian knights (D)
  4 fire giants (D)
  3 nagarajas (D)
  A frost giant (D)
  An orc warlord (D)
  7 emperor scorpions (D)
  Louise (D)
  A draconian scorcher (D)
  2 vault wardens (D)
  3 ghost moths (D)
  6 ironbound preservers (D)
  2 draconian annihilators (D)
  A war gargoyle (D)
  7 stone giants (D)
  3 very ugly things (D)
  A vampire knight (D)
  3 green draconians (D)
  An ironbound thunderhulk (D)
  An entropy weaver (D)
  5 red draconians (D)
  A yellow draconian (D)
  5 purple draconians (D)
  A deep elf demonologist (D)
  A white draconian (D)
  2 black draconians (D)
  4 merfolk javelineers (D)
  3 ettins (D)
  3 fire dragons (D)
  A naga warrior (D)
  4 merfolk impalers (D)
  2 great orbs of eyes (D)
  3 ogre magi (D)
  4 ice dragons (D)
  A rakshasa (D)
  25 vault guards (D)
  3 catoblepae (D)
  3 centaur warriors (D)
  An ironbound frostheart (D)
  8 hydras (D)
  A spriggan air mage (D)
  A jorogumo (D)
  2 merfolk aquamancers (D)
  Harold (D)
  An alligator snapping turtle (D)
  A merfolk avatar (D)
  An alligator (D)
  A deep troll shaman (D)
  3 death yaks (D)
  6 deep troll earth magi (D)
  7 two-headed ogres (D)
  A vampire mage (D)
  Urug (D)
  Nergalle (D)
  3 shock serpents (D)
  A glowing orange brain (D)
  A pharaoh ant (D)
  A sea snake (D)
  9 swamp dragons (D)
  A spriggan druid (D)
  A goliath frog (D)
  A lindwurm (D)
  3 ironbound convokers (D)
  A necromancer (D)
  5 wizards (D)
  6 orc knights (D)
  2 phantasmal warriors (D)
  A deep elf pyromancer (D)
  4 wolf spiders (D)
  9 moths of wrath (D)
  3 ugly things (D)
  A faun (shapeshifter) (D)
  2 merfolk sirens (D)
  4 guardian serpents (D)
  2 vault sentinels (D)
  4 black mambas (D)
  Maurice (D)
  A water nymph (D)
  4 naga magi (D)
  Joseph (D)
  2 demonic crawlers (D)
  2 torpor snails (D)
  3 komodo dragons (D)
  A wind drake (shapeshifter) (D)
  A tyrant leech (D)
  2 merfolk (D)
  2 meliai (D)
  3 hornets (D)
  A blink frog (D)
  3 slime creatures (D)
  2 snapping turtles (D)
  3 spriggans (D)
  A jumping spider (D)
  8 yaks (D)
  2 wyverns (D)
  A water elemental (D)
  A basilisk (D)
  A vampire mosquito (D)
  2 nagas (D)
  2 water moccasins (D)
  A floating eye (D)
  9 orc warriors (D)
  A necrophage (D)
  5 ogres (D)
  A wolf (D)
  3 bullfrogs (D)
  A killer bee (D)
  2 orc priests (D)
  5 orc wizards (D)
  An adder (D)
  A shadow imp (D)
  A white imp (D)
  12 orcs (D)
  A ball python simulacrum (D)
  A bat (D)
  A frilled lizard (D)
  A kobold (D)
  A quokka zombie (D)
  2 rats (D)
368 creatures vanquished.

Vanquished Creatures (others)
  A merfolk aquamancer (D)
  A troll (D)
2 creatures vanquished.

Grand Total: 370 creatures vanquished

Notes
Turn   | Place    | Note
-------+----------+-------------------------------------------
     0 | D        | mhtbhm the Gnoll Fighter began the quest for the Orb.
     0 | D        | Reached XP level 1. HP: 23/23 MP: 1/1
    35 | D        | Noticed a necrophage
    42 | D        | Killed a necrophage
    43 | D        | Reached skill level 5 in Long Blades
    43 | D        | Reached skill level 3 in Invocations
    43 | D        | Reached XP level 2. HP: 31/31 MP: 2/5
    43 | D        | Reached XP level 3. HP: 36/36 MP: 2/7
    43 | D        | Reached XP level 4. HP: 43/43 MP: 2/8
    91 | D        | Found a snail-covered altar of Cheibriados.
    91 | D        | Found a shadowy altar of Dithmenos.
    91 | D        | Found a white marble altar of Elyvilon.
    91 | D        | Found a blossoming altar of Fedhas.
    91 | D        | Found an opulent altar of Gozag.
    92 | D        | Found a hazy altar of Hepliaklqana.
    93 | D        | Found a viscous altar of Jiyva.
    94 | D        | Found an ancient bone altar of Kikubaaqudgha.
    95 | D        | Found a corrupted altar of Lugonu.
    96 | D        | Found a burning altar of Makhleb.
    97 | D        | Found a sparkling altar of Nemelex Xobeh.
    98 | D        | Found an iron altar of Okawaru.
    99 | D        | Became a worshipper of Gozag Ym Sagoz the Greedy
   100 | D        | Found a stormy altar of Qazlal.
   101 | D        | Found a sacrificial altar of Ru.
   102 | D        | Found a shimmering blue altar of Sif Muna.
   103 | D        | Found a bloodstained altar of Trog.
   104 | D        | Found a hide-covered altar of Uskayaw.
   105 | D        | Found a radiant altar of Vehumet.
   106 | D        | Found an ornate altar of the Wu Jian Council.
   107 | D        | Found a shimmering altar of Xom.
   108 | D        | Found a basalt altar of Yredelemnul.
   109 | D        | Found a glowing silver altar of Zin.
   110 | D        | Found a glowing golden altar of the Shining One.
   127 | D        | Got the +2 scimitar of Wrongful Imprisonment {speed, rC-
                  | Str+3}
   165 | D        | Noticed a two-headed ogre
   165 | D        | Noticed a two-headed ogre
   165 | D        | Noticed a wyvern
   165 | D        | Noticed a yak
   174 | D        | Killed a two-headed ogre
   175 | D        | Reached skill level 5 in Short Blades
   175 | D        | Reached skill level 5 in Axes
   175 | D        | Reached skill level 5 in Maces & Flails
   175 | D        | Reached skill level 5 in Polearms
   175 | D        | Reached skill level 5 in Staves
   175 | D        | Reached skill level 5 in Slings
   175 | D        | Reached skill level 5 in Bows
   175 | D        | Reached skill level 5 in Crossbows
   175 | D        | Reached skill level 5 in Throwing
   175 | D        | Reached skill level 5 in Dodging
   175 | D        | Reached skill level 5 in Stealth
   175 | D        | Reached skill level 5 in Unarmed Combat
   175 | D        | Reached skill level 5 in Spellcasting
   175 | D        | Reached skill level 6 in Invocations
   175 | D        | Reached skill level 5 in Evocations
   175 | D        | Reached XP level 5. HP: 33/51 MP: 9/13
   175 | D        | Reached XP level 6. HP: 37/57 MP: 9/14
   175 | D        | Reached XP level 7. HP: 41/63 MP: 9/15
   177 | D        | Killed a wyvern
   178 | D        | Reached skill level 5 in Conjurations
   178 | D        | Reached skill level 5 in Hexes
   178 | D        | Reached skill level 5 in Summonings
   178 | D        | Reached skill level 5 in Necromancy
   178 | D        | Reached skill level 5 in Translocations
   178 | D        | Reached skill level 5 in Transmutations
   178 | D        | Reached skill level 5 in Fire Magic
   178 | D        | Reached skill level 5 in Ice Magic
   178 | D        | Reached skill level 5 in Air Magic
   178 | D        | Reached skill level 5 in Earth Magic
   178 | D        | Reached skill level 5 in Poison Magic
   178 | D        | Reached XP level 8. HP: 46/71 MP: 9/17
   181 | D        | Killed a two-headed ogre
   182 | D        | Reached skill level 7 in Invocations
   189 | D        | Killed a yak
   325 | D        | Noticed a troll
   325 | D        | Noticed a centaur warrior
   325 | D        | Noticed a cyan ugly thing
   325 | D        | Noticed a deep elf pyromancer
   325 | D        | Noticed a white ugly thing
   325 | D        | Noticed a centaur warrior
   328 | D        | Killed a troll
   329 | D        | Reached XP level 9. HP: 57/78 MP: 19/19
   332 | D        | Killed a deep elf pyromancer
   333 | D        | Reached skill level 10 in Fighting
   333 | D        | Reached skill level 10 in Armour
   333 | D        | Reached skill level 10 in Shields
   333 | D        | Reached skill level 8 in Invocations
   334 | D        | Killed a centaur warrior
   334 | D        | Killed a cyan ugly thing
   334 | D        | Killed a centaur warrior
   335 | D        | Reached skill level 9 in Invocations
   335 | D        | Reached XP level 10. HP: 54/86 MP: 19/22
   338 | D        | Killed a white ugly thing
   491 | D        | Got the +7 chain mail of Card Tricks {*Corrode Int+4}
   503 | D        | Got the +10 glaive "Olupn" {freeze, rElec Dex+3 Stlth+}
   523 | D        | Reached skill level 10 in Long Blades
   533 | D        | Noticed a seven-headed hydra
   745 | D        | Killed a 16-headed hydra
   746 | D        | Reached skill level 10 in Invocations
   841 | D        | Noticed a catoblepas
   844 | D        | Noticed a four-headed hydra
   868 | D        | Killed a catoblepas
   869 | D        | Reached XP level 11. HP: 95/95 MP: 24/24
   888 | D        | Killed an 11-headed hydra
   889 | D        | Reached skill level 10 in Short Blades
   889 | D        | Reached skill level 10 in Axes
   889 | D        | Reached skill level 10 in Maces & Flails
   889 | D        | Reached skill level 10 in Polearms
   889 | D        | Reached skill level 10 in Staves
   889 | D        | Reached skill level 10 in Slings
   889 | D        | Reached skill level 10 in Bows
   889 | D        | Reached skill level 10 in Crossbows
   889 | D        | Reached skill level 10 in Throwing
   889 | D        | Reached skill level 10 in Dodging
   889 | D        | Reached skill level 10 in Stealth
   889 | D        | Reached skill level 10 in Unarmed Combat
   889 | D        | Reached skill level 10 in Spellcasting
   889 | D        | Reached skill level 10 in Evocations
   891 | D        | Reached skill level 11 in Invocations
  1084 | D        | Noticed a death yak
  1084 | D        | Noticed a death yak
  1084 | D        | Noticed a catoblepas
  1086 | D        | Noticed a death yak
  1093 | D        | Killed a death yak
  1306 | D        | Killed a death yak
  1356 | D        | Killed a catoblepas
  1517 | D        | Killed a death yak
  1693 | D        | Noticed Harold
  1720 | D        | Killed Harold
  1943 | D        | Noticed an orc knight
  1949 | D        | Noticed an orc knight
  1970 | D        | Noticed an orc knight
  2215 | D        | HP: 1/96 [poisoned by an orc knight]
  2507 | D        | Killed an orc knight
  2508 | D        | Reached skill level 12 in Invocations
  2828 | D        | Killed an orc knight
  2829 | D        | Reached XP level 12. HP: 27/103 MP: 27/27
  3693 | D        | Found Gepsoy's Armour Emporium.
  3693 | D        | Noticed an ogre mage
  3693 | D        | Noticed an ogre mage
  3693 | D        | Noticed a two-headed ogre
  3707 | D        | Killed an ogre mage
  3708 | D        | Found Ziorchexzo's General Store.
  3710 | D        | Paralysed by something for 3 turns
  3714 | D        | Killed an ogre mage
  3715 | D        | Noticed an ogre mage
  3718 | D        | Killed a two-headed ogre
  3720 | D        | Found Tyegodwi's Magic Scroll Emporium.
  3720 | D        | Noticed a two-headed ogre
  3725 | D        | Killed an ogre mage
  3726 | D        | Found Panietos's Magic Scroll Shoppe.
  3726 | D        | Noticed a two-headed ogre
  3728 | D        | Noticed a two-headed ogre
  3735 | D        | Killed a two-headed ogre
  3736 | D        | Reached skill level 10 in Conjurations
  3736 | D        | Reached skill level 10 in Hexes
  3736 | D        | Reached skill level 10 in Summonings
  3736 | D        | Reached skill level 10 in Necromancy
  3736 | D        | Reached skill level 10 in Translocations
  3736 | D        | Reached skill level 10 in Transmutations
  3736 | D        | Reached skill level 10 in Fire Magic
  3736 | D        | Reached skill level 10 in Ice Magic
  3736 | D        | Reached skill level 10 in Air Magic
  3736 | D        | Reached skill level 10 in Earth Magic
  3736 | D        | Reached skill level 10 in Poison Magic
  3737 | D        | Killed a two-headed ogre
  3738 | D        | Noticed a two-headed ogre
  3744 | D        | Killed a two-headed ogre
  3745 | D        | Reached skill level 13 in Invocations
  3759 | D        | Killed a two-headed ogre
  3814 | D        | Bought a scroll of enchant armour for 97 gold pieces
  3814 | D        | Bought a scroll of blinking for 97 gold pieces
  3814 | D        | Bought a scroll of fear for 45 gold pieces
  3816 | D        | Bought a scroll of fear for 35 gold pieces
  3816 | D        | Bought a scroll of magic mapping for 35 gold pieces
  3816 | D        | Bought a scroll of fear for 35 gold pieces
  3818 | D        | Bought a potion of might for 48 gold pieces
  3818 | D        | Bought 3 atropa-tipped darts for 21 gold pieces
  3818 | D        | Bought a scroll of identify for 24 gold pieces
  3818 | D        | Bought a +4 ring of evasion for 432 gold pieces
  3962 | D        | Noticed Urug
  3980 | D        | Killed Urug
  4015 | D        | Noticed Maurice
  4030 | D        | Killed Maurice
  4175 | D        | Bought an embroidered scarf for 272 gold pieces
  4196 | D        | Bought a runed buckler for 255 gold pieces
  4207 | D        | Bought the +4 moon troll leather armour {Spirit, Regen++
                  | MP+5} for 1853 gold pieces
  4207 | D        | Found the +4 moon troll leather armour {Spirit, Regen++
                  | MP+5}
  4258 | D        | Noticed a catoblepas
  4263 | D        | Killed a catoblepas
  4272 | D        | Noticed a fire giant
  4275 | D        | Noticed an ettin
  4279 | D        | Noticed a fire dragon
  4283 | D        | Noticed a stone giant
  4285 | D        | Reached XP level 13. HP: 92/113 MP: 17/29
  4287 | D        | Noticed an ettin
  4294 | D        | Killed a fire giant
  4301 | D        | Killed an ettin
  4314 | D        | Killed a fire dragon
  4323 | D        | Killed a stone giant
  4324 | D        | Reached skill level 14 in Invocations
  4331 | D        | Killed an ettin
  4332 | D        | Paralysed by a floating eye for 3 turns
  4464 | D        | Noticed Joseph
  4475 | D        | Killed Joseph
  4488 | D        | Noticed Saint Roka
  4526 | D        | Killed Saint Roka
  4535 | D        | Noticed Nergalle
  4545 | D        | Killed Nergalle
  4685 | D        | Noticed a naga warrior
  4876 | D        | Killed a naga warrior
  5114 | D        | Reached skill level 15 in Fighting
  5114 | D        | Reached skill level 15 in Armour
  5114 | D        | Reached skill level 15 in Shields
  5221 | D        | Bought a polished plate armour for 924 gold pieces
  5221 | D        | Identified the +7 plate armour "Xosmaffa" {MP+9 Int+3} (You
                  | bought it in a shop in the Dungeon)
  5221 | D        | Bought a smoking plate armour for 924 gold pieces
  5221 | D        | Identified the +1 plate armour of the Orb Guardian {rCorr}
                  | (You bought it in a shop in the Dungeon)
  5258 | D        | Reached skill level 15 in Invocations
  5362 | D        | Reached XP level 14. HP: 116/123 MP: 18/32
  5520 | D        | Reached skill level 15 in Long Blades
  5786 | D        | Noticed a fire giant
  5786 | D        | Noticed a stone giant
  5786 | D        | Noticed a fire giant
  5787 | D        | Noticed a purple very ugly thing
  5791 | D        | Killed a fire giant
  5791 | D        | Killed a stone giant
  5791 | D        | Killed a fire giant
  5792 | D        | Reached skill level 16 in Invocations
  5819 | D        | Killed a purple very ugly thing
  5858 | D        | Reached skill level 15 in Short Blades
  5858 | D        | Reached skill level 15 in Axes
  5858 | D        | Reached skill level 15 in Maces & Flails
  5858 | D        | Reached skill level 15 in Polearms
  5858 | D        | Reached skill level 15 in Staves
  5858 | D        | Reached skill level 15 in Slings
  5858 | D        | Reached skill level 15 in Bows
  5858 | D        | Reached skill level 15 in Crossbows
  5858 | D        | Reached skill level 15 in Throwing
  5858 | D        | Reached skill level 15 in Dodging
  5858 | D        | Reached skill level 15 in Stealth
  5858 | D        | Reached skill level 15 in Unarmed Combat
  5858 | D        | Reached skill level 15 in Spellcasting
  5858 | D        | Reached skill level 15 in Evocations
  5872 | D        | Noticed a frost giant
  5905 | D        | Killed a frost giant
  5928 | D        | Noticed a stone giant
  5936 | D        | Noticed a purple very ugly thing
  5941 | D        | Killed a stone giant
  5949 | D        | Noticed a stone giant
  5950 | D        | Noticed a purple very ugly thing
  5960 | D        | Killed a purple very ugly thing
  5978 | D        | Killed a stone giant
  6000 | D        | Killed a purple very ugly thing
  6082 | D        | Noticed an ironbound preserver
  6082 | D        | Noticed a vault warden
  6082 | D        | Noticed an entropy weaver
  6082 | D        | Noticed an ironbound preserver
  6085 | D        | Noticed an orc warlord
  6091 | D        | Killed a vault warden
  6092 | D        | Noticed an ironbound thunderhulk
  6094 | D        | Killed an ironbound preserver
  6098 | D        | Killed an entropy weaver
  6099 | D        | Reached skill level 17 in Invocations
  6101 | D        | Killed an ironbound preserver
  6259 | D        | Killed an orc warlord
  6260 | D        | Reached XP level 15. HP: 92/133 MP: 25/34
  6879 | D        | Noticed an emperor scorpion
  6900 | D        | Killed an emperor scorpion
  6921 | D        | Noticed Boris
  6973 | D        | Killed Boris
  7139 | D        | Noticed an emperor scorpion
  7173 | D        | Killed an emperor scorpion
  7238 | D        | Noticed an emperor scorpion
  7238 | D        | Noticed an emperor scorpion
  7238 | D        | Noticed an emperor scorpion
  7253 | D        | Reached skill level 18 in Invocations
  7284 | D        | Killed an emperor scorpion
  7287 | D        | Killed a ghost moth
  7289 | D        | Killed a ghost moth
  7292 | D        | Noticed an emperor scorpion
  7298 | D        | Noticed an emperor scorpion
  7302 | D        | Killed an emperor scorpion
  7305 | D        | Noticed a ghost moth
  7320 | D        | Killed an emperor scorpion
  7338 | D        | Killed a ghost moth
  7365 | D        | Killed an emperor scorpion
  7378 | D        | Killed an emperor scorpion
  7391 | D        | Got a gossamer rune of Zot
  7621 | D        | Noticed Ilsuiw
  7691 | D        | Killed Ilsuiw
  7802 | D        | Got a barnacled rune of Zot
  7837 | D        | Bought a +2 pair of gloves of infusion for 258 gold pieces
  7837 | D        | Bought a phantom mirror for 480 gold pieces
  7856 | D        | Reached skill level 19 in Invocations
  7857 | D        | Reached skill level 15 in Conjurations
  7857 | D        | Reached skill level 15 in Hexes
  7857 | D        | Reached skill level 15 in Summonings
  7857 | D        | Reached skill level 15 in Necromancy
  7857 | D        | Reached skill level 15 in Translocations
  7857 | D        | Reached skill level 15 in Transmutations
  7857 | D        | Reached skill level 15 in Fire Magic
  7857 | D        | Reached skill level 15 in Ice Magic
  7857 | D        | Reached skill level 15 in Air Magic
  7857 | D        | Reached skill level 15 in Earth Magic
  7857 | D        | Reached skill level 15 in Poison Magic
  7858 | D        | Reached XP level 16. HP: 145/145 MP: 37/37
  7893 | D        | Got a decaying rune of Zot
  7928 | D        | Noticed a nagaraja
  7933 | D        | Noticed a nagaraja
  7936 | D        | Killed a nagaraja
  7940 | D        | Noticed a nagaraja
  7942 | D        | Killed a nagaraja
  7955 | D        | Killed a nagaraja
  7968 | D        | Got a serpentine rune of Zot
  8033 | D        | Noticed Nikola
  8057 | D        | Noticed Mennas
  8081 | D        | Killed Nikola
  8099 | D        | Bought the ring "Jorea" {rPois rCorr Int+3} for 544 gold
                  | pieces
  8099 | D        | Bought the ring "Vumair" {rElec SInv} for 406 gold pieces
  8162 | D        | Bought a bone wand for 124 gold pieces
  8162 | D        | Bought a potion of haste for 310 gold pieces
  8162 | D        | Bought a scroll of fog for 62 gold pieces
  8522 | D        | Killed Mennas
  8744 | D        | Reached skill level 20 in Invocations
  9097 | D        | Bought the +8 morningstar "Fintuell" {vorpal, *Rage rPois
                  | rC+} for 993 gold pieces
  9125 | D        | Noticed a tengu reaver
  9127 | D        | Noticed a lich
  9131 | D        | Reached skill level 21 in Invocations
  9132 | D        | Noticed a shadow dragon
  9206 | D        | Killed a tengu reaver
  9213 | D        | Killed a lich
  9214 | D        | Reached XP level 17. HP: 156/156 MP: 29/40
  9584 | D        | Noticed a titan
  9584 | D        | Noticed a quicksilver dragon
  9587 | D        | Noticed a tentacled monstrosity
  9588 | D        | Killed a quicksilver dragon
  9590 | D        | Killed a titan
  9593 | D        | Noticed a tentacled monstrosity
  9594 | D        | Killed a tentacled monstrosity
  9605 | D        | Killed a tentacled monstrosity
  9631 | D        | Got a silver rune of Zot
  9684 | D        | Noticed Donald
  9693 | D        | Killed Donald
  9733 | D        | Noticed Louise
  9743 | D        | Killed Louise
  9792 | D        | Got the ring of Extedwin {rElec rN+ rCorr}
  9796 | D        | Got the ring of the Cast Vote {rF+ Str+2}
  9798 | D        | Got the ring of Dim Light {*Corrode rF+++ Str+3 Slay+2
                  | SInv}
  9799 | D        | Found the +8 demon blade "Leech" {vamp, Harm Drain rN+}
  9800 | D        | Got the ring "Qapaw" {Ice rElec rPois Int+7 Stlth-}
  9849 | D        | Got the +0 gold dragon scales of the Catamount {Rampage
                  | rPois rF+ rC+ Dex+7}
  9912 | D        | Learned a level 8 spell: Lehudib's Crystal Spear
  9916 | D        | Noticed Aizul
  9932 | D        | Killed Aizul
  9977 | D        | Bought a potion of heal wounds for 175 gold pieces
  9977 | D        | Bought a tin of tremorstones (2/2) for 1400 gold pieces
  9998 | D        | Noticed Jory
 10025 | D        | Killed Jory
 10026 | D        | Reached skill level 22 in Invocations
 10084 | D        | Noticed Frederick
 10095 | D        | Killed Frederick
 10142 | D        | Noticed a juggernaut
 10156 | D        | Killed a juggernaut
 10205 | D        | Noticed a golden dragon
 10212 | D        | Killed a golden dragon
 10295 | D        | Noticed a quicksilver dragon
 10300 | D        | Reached skill level 23 in Invocations
 10301 | D        | Killed a quicksilver dragon
 10374 | D        | Noticed a quicksilver dragon
 10374 | D        | Noticed a quicksilver dragon
 10376 | D        | Noticed a golden dragon
 10377 | D        | Reached XP level 18. HP: 168/168 MP: 43/43
 10377 | D        | Killed a quicksilver dragon
 10394 | D        | Killed a golden dragon
 10396 | D        | Killed a quicksilver dragon
 10446 | D        | Bought a potion of curing for 51 gold pieces
 10446 | D        | Bought a potion of heal wounds for 85 gold pieces
 10446 | D        | Bought a potion of might for 68 gold pieces
 10446 | D        | Bought a potion of berserk rage for 85 gold pieces
 10447 | D        | Noticed a tentacled monstrosity
 10447 | D        | Noticed a tentacled monstrosity
 10456 | D        | Killed a tentacled monstrosity
 10462 | D        | Killed a tentacled monstrosity
 10549 | D        | Reached skill level 24 in Invocations
 10666 | D        | Noticed an Orb Guardian
 10666 | D        | Noticed an Orb Guardian
 10666 | D        | Noticed an Orb Guardian
 10666 | D        | Noticed an Orb Guardian
 10666 | D        | Noticed an Orb Guardian
 10666 | D        | Noticed an Orb Guardian
 10669 | D        | Killed an Orb Guardian
 10669 | D        | Noticed an Orb Guardian
 10671 | D        | Noticed an Orb Guardian
 10673 | D        | Killed an Orb Guardian
 10675 | D        | Killed an Orb Guardian
 10676 | D        | Killed an Orb Guardian
 10678 | D        | Killed an Orb Guardian
 10679 | D        | Killed an Orb Guardian
 10682 | D        | Killed an Orb Guardian
 10686 | D        | Killed an Orb Guardian
 10687 | D        | Noticed an Orb Guardian
 10688 | D        | Noticed an Orb Guardian
 10692 | D        | Killed an Orb Guardian
 10697 | D        | Killed an Orb Guardian
 10746 | D        | Noticed an Orb Guardian
 10746 | D        | Noticed an Orb Guardian
 10746 | D        | Noticed a tentacled monstrosity
 10753 | D        | Noticed an Orb Guardian
 10776 | D        | Killed a tentacled monstrosity
 10781 | D        | Mangled by an Orb Guardian

Illustrated notes

Levels and vault maps discovered:
D:        linesprint [early_d, line_temple, items_1, d_10, items_2, lair_1,
          lair_end, items_3, orc_1, orc_end, items_4, d_15, swamp_1, shoals_1,
          snake_1, spider_1, d_20, vaults_1, items_5, swamp_end, shoals_end,
          snake_end, spider_end, vaults_end, d_27, items_6, zot_1, zot_end,
          crypt_end, forest_end, elf_end, slime_end, tomb_end, abyss_end,
          pan_hell_end]

Skill      XL: |  1  2  3  4  5  6  7  8  9 10 11 12 13 14 15 16 17 18 |
---------------+-------------------------------------------------------+-----
Fighting       | 7 8 9 10 11 12 14 15 16 18 20 22 23 | 23.6
Short Blades   | 2 5 6 7 8 9 11 12 14 15 17 19 21 22 | 22.9
Long Blades    | 5 7 8 9 10 12 13 14 16 18 20 21 23 | 23.2
Axes           | 2 5 6 7 8 9 11 12 14 15 17 19 21 22 | 22.9
Maces & Flails | 2 5 6 7 8 9 11 12 14 15 17 19 21 22 | 22.9
Polearms       | 2 5 6 7 8 9 11 12 14 15 17 19 21 22 | 22.9
Staves         | 2 5 6 7 8 9 11 12 14 15 17 19 21 22 | 22.9
Slings         | 2 5 6 7 8 9 11 12 14 15 17 19 21 22 | 22.9
Bows           | 2 5 6 7 8 9 11 12 14 15 17 19 21 22 | 22.9
Crossbows      | 2 5 6 7 8 9 11 12 14 15 17 19 21 22 | 22.9
Throwing       | 2 5 6 7 8 9 11 12 14 15 17 19 21 22 | 22.9
Armour         | 7 8 9 10 11 12 14 15 16 18 20 22 23 | 23.6
Dodging        | 2 5 6 7 8 9 11 12 14 15 17 19 21 22 | 22.9
Stealth        | 2 5 6 7 8 9 11 12 14 15 17 19 21 22 | 22.9
Shields        | 7 8 9 10 11 12 14 15 16 18 20 22 23 | 23.6
Unarmed Combat | 2 5 6 7 8 9 11 12 14 15 17 19 21 22 | 22.9
Spellcasting   | 2 5 6 7 8 9 11 12 14 15 17 19 21 22 | 22.9
Conjurations   | 2 4 5 7 8 9 10 12 13 15 16 18 19 | 19.6
Hexes          | 2 4 5 7 8 9 10 12 13 15 16 18 19 | 19.6
Summonings     | 2 4 5 7 8 9 10 12 13 15 16 18 19 | 19.6
Necromancy     | 2 4 5 7 8 9 10 12 13 15 16 18 19 | 19.6
Translocations | 2 4 5 7 8 9 10 12 13 15 16 18 19 | 19.6
Transmutations | 2 4 5 7 8 9 10 12 13 15 16 18 19 | 19.6
Fire Magic     | 2 4 5 7 8 9 10 12 13 15 16 18 19 | 19.6
Ice Magic      | 2 4 5 7 8 9 10 12 13 15 16 18 19 | 19.6
Air Magic      | 2 4 5 7 8 9 10 12 13 15 16 18 19 | 19.6
Earth Magic    | 2 4 5 7 8 9 10 12 13 15 16 18 19 | 19.6
Poison Magic   | 2 4 5 7 8 9 10 12 13 15 16 18 19 | 19.6
Invocations    | 3 6 7 9 10 12 13 15 17 19 21 23 24 | 24.7
Evocations     | 2 5 6 7 8 9 11 12 14 15 17 19 21 22 | 22.9

Action                   |  1- 3 |  4- 6 |  7- 9 | 10-12 | 13-15 | 16-18 || total
-------------------------+-------+-------+-------+-------+-------+-------++-------
Melee: Long sword        |    18 |    10 |       |       |       |       ||    28
       Scimitar          |       |       |    13 |   464 |   925 |   297 ||  1699
       Bite              |       |       |     3 |    72 |   140 |    89 ||   304
       Punch             |       |       |       |    15 |       |       ||    15
       Unarmed           |       |       |       |    13 |       |       ||    13
       Morningstar       |       |       |       |       |       |   309 ||   309
Throw: Throwing net      |       |       |       |     1 |       |       ||     1
       Javelin           |       |       |       |     5 |    38 |    88 ||   131
       Dart              |       |       |       |       |     6 |     8 ||    14
Invok: Potion Petition   |       |       |       |     5 |     8 |     3 ||    16
       Call Merchant     |       |       |       |     1 |     3 |     5 ||     9
Evoke: Wand              |       |     3 |     7 |       |       |     1 ||    11
       Phantom mirror    |       |       |       |       |       |     1 ||     1
  Use: Potion            |     1 |     1 |     2 |     6 |     5 |     6 ||    21
       Scroll            |       |       |       |     2 |     2 |     5 ||     9
 Stab: Invisible         |       |       |       |     5 |    12 |     2 ||    19
       Held in net/web   |       |       |       |     3 |       |       ||     3
       Distracted        |       |       |       |     2 |    13 |    25 ||    40
       Sleeping          |       |       |       |       |       |     1 ||     1
Armor: Scale mail        |     7 |     3 |       |       |       |       ||    10
       Ring mail         |       |     1 |     1 |       |       |       ||     2
       Chain mail        |       |       |       |   139 |       |       ||   139
       Troll leather arm |       |       |       |       |   133 |    26 ||   159
       Gold dragon scale |       |       |       |       |       |    38 ||    38
Dodge: Dodged            |     3 |     3 |     8 |    94 |   331 |   115 ||   554
       Repelled          |       |       |       |       |    11 |     5 ||    16
Block: Buckler           |     3 |     3 |     4 |    33 |   106 |       ||   149
       Tower shield      |       |       |       |       |   207 |   318 ||   525

Table legend: (Time is in decaauts) A = Elapsed time spent in this place. B = Non-inter-level travel time spent in this place. C = Inter-level travel time spent in this place. D = Time resting spent in this place. E = Time spent auto-exploring this place. F = Levels seen in this place. G = Mean time per level. A B C D E F G +--------+--------+--------+--------+--------+-----+--------+ Total | 10010 | 10010 | 0 | 1509 | 3188 | 1 | 10010.0 | Dungeon | 10010 | 10010 | 0 | 1509 | 3188 | 1 | 10010.0 | +--------+--------+--------+--------+--------+-----+--------+

Top non-repeatable levels by time:
       D: 10010 daAuts
